 Dungeon Crawl Stone Soup version 0.28-a0-514-g0d7ab7f379 (webtiles) character file.

Game seed: 13429112102345771914

306 siradein the Digger (level 6, -9/49 HPs)
             Began as a Deep Dwarf Earth Elementalist on Sept 22, 2021.
             Killed by divine providence
             ... invoked by an orc priest
              (11 damage)
             ... on level 4 of the Dungeon.
             The game lasted 00:11:12 (3984 turns).

siradein the Digger (Deep Dwarf Earth Elementalist) Turns: 3984, Time: 00:11:13

Health: -9/49      AC:  5    Str: 12    XL:     6   Next: 16%
Magic:  11/11      EV: 12    Int: 17    God:
Gold:   194        SH:  0    Dex: 13    Spells: 8/12 levels left

rFire   + . .      SeeInvis .   n - +1 dagger (vamp)
rCold   . . .      Faith    .   (no shield)
rNeg    . . .      Spirit   .   u - +2 leather armour {rF+}
rPois   .          Reflect  .   (no helmet)
rElec   .          Harm     .   (no cloak)
rCorr   .          Rampage  .   (no gloves)
Will    .....                   (no boots)
Stlth   ++........              (no amulet)
HPRegen 0.00/turn               (no ring)
MPRegen 0.12/turn               (no ring)

@: no status effects
A: damage resistance, heal wounds, sense surroundings 1, no regeneration
a: Heal Wounds


You were on level 4 of the Dungeon.
You visited 1 branch of the dungeon, and saw 4 of its levels.

You collected 194 gold pieces.

Inventory:

Hand Weapons
 n - a +1 vampiric dagger (weapon)
Missiles
 c - 17 stones
Armour
 u - a +2 leather armour of fire resistance (worn)
Wands
 f - a wand of flame (10)
 j - a wand of mindburst (15)
 q - a wand of polymorph (7)
Scrolls
 a - 3 scrolls of identify {unknown}
 b - 2 scrolls of magic mapping {unknown}
 d - a scroll of enchant armour {unknown}
 e - a scroll of amnesia {unknown}
 m - a scroll of enchant weapon {unknown}
 o - a scroll of immolation {unknown}
 r - a scroll of noise {unknown}
Potions
 g - 3 potions of curing {unknown}
 h - a potion of berserk rage {unknown}
 i - a potion of mutation {unknown}
 k - a potion of heal wounds {unknown}
 l - a potion of invisibility {unknown}
 p - a potion of resistance {unknown}
 s - 2 potions of ambrosia {unknown}
 t - a potion of flight {unknown}


   Skills:
 - Level 2.1 Dodging
 - Level 2.4 Stealth
 + Level 3.7 Spellcasting
 - Level 2.3 Transmutations
 + Level 6.6 Earth Magic


You had 8 spell levels left.
You knew the following spells:

 Your Spells              Type           Power      Damage    Failure   Level
a - Sandblast             Erth           50%        2d12      1%          1
b - Stone Arrow           Conj/Erth      28%        3d8       16%         3

Your spell library contained the following spells:

 Spells                   Type           Power      Damage    Failure   Level
 Passwall                 Tmut/Erth      15%        N/A       4%          2
 Static Discharge         Conj/Air       3%         N/A       30%         2
 Petrify                  Tmut/Erth      18%        N/A       32%         4
 Ozocubu's Armour         Ice            3%         N/A       52%         3
 Dispel Undead            Necr           3%         3d7       90%         4
 Sticky Flame             Conj/Fire      3%         2d3       90%         4
 Ozocubu's Refrigeration  Ice            1%         4d5       100%        7


Dungeon Overview and Level Annotations

Branches:
Dungeon (4/15)
 Temple: D:4-7

Altars:
Kikubaaqudgha
Qazlal
Trog
Uskayaw
Vehumet
Yredelemnul

Shops:
D:3 [*

Annotations:
D:2 1 runed translucent door, Crazy Yiuf


Innate Abilities, Weirdness & Mutations

You are resistant to damage.
You can heal yourself by infusing magical energy.
You passively map a small area around you.
You do not regenerate.


Message History

You feel a bit more experienced. The orc priest hits you with a +0 club.
Things that are here:
a +0 dagger; a +0 robe; an orc corpse You barely miss the orc priest.
The orc priest hits you but does no damage.
You hit the orc priest.
You feel better.
The orc priest is lightly wounded.
The orc priest mumbles some strange prayers to Beogh against you.
You resist with significant effort.
You hit the orc priest.
The orc priest is moderately wounded.
The orc priest hits you with a +0 club.
You closely miss the orc priest.
The orc priest is moderately wounded.
The orc priest barely misses you.
You barely miss the orc priest.
The orc priest is moderately wounded.
The orc priest calls down the wrath of Beogh upon you.
Beogh smites you!
* * * LOW HITPOINT WARNING * * *
You closely miss the orc priest.
The orc priest is moderately wounded.
The orc priest misses you.
You hit the orc priest.
You feel better.
The orc priest is moderately wounded.
The orc priest completely misses you.
You hit the orc priest.
You feel better.
The orc priest is heavily wounded.
The orc priest barely misses you.
You hit the orc priest.
The orc priest is severely wounded.
The orc priest invokes the aid of Beogh against you.
Pain shoots through your body!
* * * LOW HITPOINT WARNING * * *
You closely miss the orc priest.
The orc priest is severely wounded.
The orc priest invokes the aid of Beogh against you.
Beogh smites you!
You die...

, , .# * * , , *.# ,,
,* .# , * .# * , #.#
***# ##.# #### ,,,
.####.#######..##....
.....oo@......?...# *
*..###.#######...###
* ,.., #.....# #.#**
##...## #* ** ##.##
#.# , #.# #.# , * #.#
#.# ##'## #.# , ,#
##...##


You could see an orc priest and an orc.

Vanquished Creatures
  An ogre (D:4)
  A hound (D:3)
  An iguana (D:4)
  6 adders
  An ufetubus (D:4)
  4 worms
  3 dart slugs
  An orc (D:3)
  3 bats (D:1)
  7 endoplasms
  A giant cockroach (D:2)
  3 goblins
  8 hobgoblins
  4 jackals (D:1)
  2 quokkas
  11 ball pythons
  5 frilled lizards
  7 kobolds
  6 rats
75 creatures vanquished.

Vanquished Creatures (others)
  An orc wizard (D:4)
  4 plants (D:3)
5 creatures vanquished.

Grand Total: 80 creatures vanquished

Notes
Turn   | Place    | Note
-------+----------+-------------------------------------------
     0 | D:1      | siradein the Deep Dwarf Earth Elementalist began the quest
                  | for the Orb.
     0 | D:1      | Reached XP level 1. HP: 15/15 MP: 3/3
    46 | D:1      | Reached skill level 1 in Transmutations
   207 | D:1      | Reached XP level 2. HP: 20/22 MP: 1/5
   845 | D:1      | Found a faded altar of an unknown god.
  1368 | D:2      | Reached XP level 3. HP: 26/28 MP: 1/6
  1857 | D:2      | Found a runed translucent door.
  1858 | D:2      | Noticed Crazy Yiuf
  1912 | D:2      | Learned a level 3 spell: Stone Arrow
  2186 | D:2      | Found a bloodstained altar of Trog.
  2380 | D:2      | Reached skill level 5 in Earth Magic
  2380 | D:2      | Reached XP level 4. HP: 36/36 MP: 7/7
  2592 | D:3      | Found a radiant altar of Vehumet.
  2650 | D:3      | Found a hide-covered altar of Uskayaw.
  2650 | D:3      | Found a bloodstained altar of Trog.
  2650 | D:3      | Found a basalt altar of Yredelemnul.
  2652 | D:3      | Found a stormy altar of Qazlal.
  2655 | D:3      | Found an ancient bone altar of Kikubaaqudgha.
  2904 | D:3      | Found Ihushruos's Assorted Antiques.
  3041 | D:3      | Found Teleanui's Antique Armour Boutique.
  3465 | D:3      | Reached XP level 5. HP: 36/42 MP: 2/9
  3838 | D:4      | Reached skill level 6 in Earth Magic
  3855 | D:4      | Noticed an ogre
  3862 | D:4      | Killed an ogre
  3863 | D:4      | Reached XP level 6. HP: 29/49 MP: 6/11
  3983 | D:4      | HP: 2/49 [orc priest/nerve-wracking pain (7)]
  3984 | D:4      | Killed from afar by an orc priest

Illustrated notes

Levels and vault maps discovered:
D:1:      sevenhm_arrival_forest_fort_large_3, layout_loops_corners,
          hellmonk_ecumenical_altar_lost_god, minmay_tromino_v4_a
D:2:      layout_basic, basic_altar, uniq_crazy_yiuf_cottage
D:3:      minmay_razor_zed, layout_basic, minitemple, serial_shops, shop, shop,
          serial_bayou_crossing
D:4:      minmay_wonky_spiral, layout_loops_corners,
          gammafunk_temple_overflow_wave, gup_sewer_entry_bubbles, serial_shops,
          shop, uniq_eustachio

Skill      XL: |  1  2  3  4  5 |
---------------+----------------+-----
Transmutations | 1 2 |  2.3
Spellcasting   | 2 3 |  3.7
Earth Magic    | 5 6 |  6.6
Dodging        | |  2.1
Stealth        | |  2.4

Action                   |  1- 3 |  4- 6 || total
-------------------------+-------+-------++-------
Melee: Dagger            |    13 |   207 ||   220
 Cast: Sandblast         |    53 |    23 ||    76
 Stab: Sleeping          |     2 |     4 ||     6
Armor: Robe              |     4 |       ||     4
       Leather armour    |     6 |    56 ||    62
Dodge: Dodged            |    26 |   105 ||   131

Table legend: (Time is in decaauts)
 A = Elapsed time spent in this place.
 B = Non-inter-level travel time spent in this place.
 C = Inter-level travel time spent in this place.
 D = Time resting spent in this place.
 E = Time spent auto-exploring this place.
 F = Levels seen in this place.
 G = Mean time per level.
                   A        B        C        D        E       F      G
               +--------+--------+--------+--------+--------+-----+--------+
         Total |   3986 |   3837 |    149 |     12 |   2986 |   4 |  996.5 |
       Dungeon |   3986 |   3837 |    149 |     12 |   2986 |   4 |  996.5 |
               +--------+--------+--------+--------+--------+-----+--------+

Top non-repeatable levels by time:
     D:1: 1303 daAuts
     D:2: 1258 daAuts
     D:3: 1190 daAuts
     D:4: 234 daAuts
